 Dungeon Crawl Stone Soup version 0.27-a0-412-g8dd771eca2 (webtiles) character file.

Game seed: 14113503976702523598

350062 CryoSword the Merfolkian Porcupine (level 22, -1/191 HPs)
             Began as a Merfolk Gladiator on Feb 24, 2021.
             Was the Champion of Yredelemnul.
             Slain by a spriggan defender
             ... wielding a +1 vorpal flail
              (5 damage)
             ... on level 3 of the Depths.
             The game lasted 02:48:51 (50241 turns).

CryoSword the Merfolkian Porcupine (MfGl)          Turns: 50241, Time: 02:48:52

Health: -1/191     AC: 20    Str: 24    XL:     22   Next: 20%
Magic:  19/35      EV: 27    Int: 17    God:    Yredelemnul [******]
Gold:   1346       SH:  5    Dex: 22    Spells: 18/29 levels left

rFire    . . .     SeeInvis +   w - +4 bardiche (freeze)
rCold    . . .     Faith    .   (shield currently unavailable)
rNeg     . . .     Spirit   .   U - +2 troll leather armour {Snorg}
rPois    .         Reflect  +   c - +2 helmet
rElec    +         Harm     .   P - +2 cloak
rCorr    .         Rampage  .   h - +2 pair of gloves {Dex+3}
Will     ++...                  G - +1 pair of boots of Cocytus {Str+5 Int+4 SInv}
Stlth    +++.......             V - amulet "Zicud" {Reflect rElec Dex+4 SH+5}
HPRegen  1.41/turn              g - +4 ring of slaying {=R}
MPRegen  0.24/turn              N - ring of willpower

@: no status effects
A: change form in water, swift swim, stealthy swim
}: 2/15 runes: serpentine, barnacled
a: Renounce Religion, Recall Undead Slaves, Injury Mirror, Animate Dead, Drain
Life, Enslave Soul


You were on level 3 of the Depths.
You worshipped Yredelemnul.
Yredelemnul was exalted by your worship.
You visited 9 branches of the dungeon, and saw 41 of its levels.
You also visited: Ice Cave.

You collected 5749 gold pieces.
You spent 4403 gold pieces at shops.

Inventory:

Hand Weapons
 a - a +6 vampiric halberd
   (You took it off a salamander on level 2 of the Snake Pit)
 f - a +4 antimagic glaive
   (You acquired it on level 3 of the Depths)
 w - a +4 bardiche of freezing (weapon)
   (You acquired it on level 4 of the Snake Pit)
Missiles
 d - 9 throwing nets (quivered)
 k - 64 boomerangs
Armour
 c - a +2 helmet (worn)
 h - a +2 pair of gloves of dexterity (worn)
   (You bought it in a shop on level 15 of the Dungeon)
 G - the +1 pair of boots of Cocytus (worn) {Str+5 Int+4 SInv}
   (You found it on level 12 of the Dungeon)

   It affects your strength (+5).
   It affects your intelligence (+4).
   It lets you see invisible.
 P - a +2 cloak (worn)
   (You found it on level 1 of the Lair of Beasts)
 U - a +2 troll leather armour (worn) {Snorg}
   (You found it on level 4 of the Lair of Beasts)
Jewellery
 g - a +4 ring of slaying (left hand) {=R}
   (You found it on level 1 of the Elven Halls)
 i - a ring of resist corrosion
   (You found it on level 2 of the Elven Halls)
 r - a +4 ring of protection
   (You took it off a spriggan berserker on level 3 of the Depths)
 E - the ring "Hoklyril" {rPois Str+4}
   (You found it on level 6 of the Lair of Beasts)

   [ring of poison resistance]

   It affects your strength (+4).
   It protects you from poison.
 H - a ring of protection from cold
   (You found it in an ice cave)
 N - a ring of willpower (right hand)
   (You found it on level 14 of the Dungeon)
 V - the amulet "Zicud" (around neck) {Reflect rElec Dex+4 SH+5}
   (You bought it in a shop on level 1 of the Snake Pit)

   [amulet of reflection]

   It shields you and reflects attacks.
   It affects your dexterity (+4).
   It insulates you from electricity.
   It affects your SH (+5).
 W - a ring of protection from cold
   (You found it on level 3 of the Snake Pit)
Wands
 x - a wand of acid (9)
   (You found it on level 4 of the Lair of Beasts)
 y - a wand of iceblast (9)
   (You took it off Harold on level 7 of the Dungeon)
 M - a wand of digging (7)
   (You found it on level 14 of the Dungeon)
Scrolls
 b - 6 scrolls of fog
 e - 23 scrolls of teleportation {@r4}
 j - 5 scrolls of immolation {!r}
 n - 7 scrolls of blinking
 v - 7 scrolls of magic mapping
 A - 2 scrolls of fear
 C - 3 scrolls of summoning
 J - 2 scrolls of brand weapon
 Q - 17 scrolls of identify {@r1}
 X - a scroll of silence
Potions
 l - 7 potions of haste {@q3}
 m - 3 potions of berserk rage
 o - 2 potions of invisibility
 p - 6 potions of lignification {!q}
 q - 13 potions of curing {@q1}
 s - 8 potions of mutation {!q}
 t - 6 potions of attraction {!q}
 u - 2 potions of cancellation
 z - 4 potions of ambrosia
 B - 7 potions of might
 D - a potion of flight
 F - 3 potions of magic
 K - 8 potions of heal wounds {@q2}
 L - 2 potions of resistance
 T - 7 potions of brilliance
Miscellaneous
 I - a phantom mirror
   (You found it on level 3 of the Shoals)
 O - a phial of floods
   (You found it on level 1 of the Shoals)


   Skills:
 * Level 20.3 Fighting
 O Level 27 Polearms
 - Level 2.0 Throwing
 + Level 9.8 Armour
 + Level 15.3 Dodging
 - Level 6.0 Stealth
 - Level 4.0 Spellcasting
 + Level 8.2 Translocations
 - Level 18.0 Invocations


You had 18 spell levels left.
You knew the following spells:

 Your Spells              Type           Power        Failure   Level
a - Blink                 Tloc           N/A          1%          2
b - Manifold Assault      Tloc           31%          6%          4
c - Summon Mana Viper     Hex/Summ       3%           99%         5

Your spell library contained the following spells:

 Spells                   Type           Power        Failure   Level
 Gell's Gravitas          Tloc           15%          1%          3
 Passage of Golubria      Tloc           N/A          6%          4
 Portal Projectile        Hex/Tloc       34%          10%         3
 Magic Dart               Conj           12%          17%         1
 Sandblast                Erth           6%           17%         1
 Shock                    Conj/Air       12%          17%         1
 Summon Small Mammal      Summ           12%          17%         1
 Call Imp                 Summ           3%           26%         2
 Passwall                 Tmut/Erth      2%           26%         2
 Slow                     Hex            3%           26%         2
 Swiftness                Air            3%           26%         2
 Call Canine Familiar     Summ           3%           45%         3
 Confusing Touch          Hex            3%           45%         3
 Conjure Flame            Conj/Fire      3%           45%         3
 Mephitic Cloud           Conj/Pois/Air  3%           45%         3
 Static Discharge         Conj/Air       3%           45%         3
 Stone Arrow              Conj/Erth      6%           45%         3
 Summon Guardian Golem    Hex/Summ       3%           45%         3
 Summon Forest            Summ/Tloc      8%           65%         5
 Dispersal                Tloc           15%          65%         6
 Airstrike                Air            1%           86%         4
 Animate Dead             Necr           1%           86%         4
 Petrify                  Tmut/Erth      3%           86%         4
 Summon Ice Beast         Ice/Summ       3%           86%         4
 Summon Lightning Spire   Summ/Air       3%           86%         4
 Bolt of Magma            Conj/Fire/Erth 1%           99%         5
 Borgnjor's Vile Clutch   Necr/Erth      1%           99%         5
 Irradiate                Conj/Tmut      1%           99%         5
 Iskenderun's Battlesphe  Conj           3%           99%         5
 Lee's Rapid Deconstruct  Erth           1%           99%         5
 Lightning Bolt           Conj/Air       1%           99%         5
 Metabolic Englaciation   Hex/Ice        1%           99%         5
 Yara's Violent Unravell  Hex/Tmut       1%           99%         5
 Death Channel            Necr           1%           100%        6
 Hydra Form               Tmut           1%           100%        6
 Iron Shot                Conj/Erth      1%           100%        6
 Shadow Creatures         Summ           N/A          100%        6
 Simulacrum               Ice/Necr       1%           100%        6
 Statue Form              Tmut/Erth      2%           100%        6
 Dragon Form              Tmut           1%           100%        7
 Orb of Destruction       Conj           1%           100%        7
 Spellforged Servitor     Conj/Summ      1%           100%        7
 Summon Hydra             Summ           1%           100%        7
 Disjunction              Tloc           15%          100%        8


Dungeon Overview and Level Annotations

Branches:
Dungeon (15/15)            Temple (1/1) D:7            Lair (6/6) D:11
 Shoals (4/4) Lair:2        Snake (4/4) Lair:3        Slime (0/5) Lair:5
    Orc (2/2) D:12            Elf (2/3) Orc:2        Vaults (4/5) D:14
  Crypt (0/3) Vaults:3     Depths (3/5) D:15          IceCv (visited)

Altars:
Ashenzari
Cheibriados
Dithmenos
Elyvilon
Fedhas
Gozag
Hepliaklqana
Kikubaaqudgha
Makhleb
Nemelex Xobeh
Okawaru
Qazlal
Ru
Sif Muna
Trog
Uskayaw
Vehumet
Wu Jian
Xom
Yredelemnul
Zin
The Shining One
Beogh
Jiyva

Shops:
D:11 ?   D:13 ?   D:15 !*(*   Orc:1 *   Orc:2 *(?*   Elf:1 [   Elf:2 *=[
Shoals:2 *   Snake:1 =   Vaults:3 =   Vaults:4 !

Portals:
Hell: Depths:1 Depths:2 Depths:3
Abyss: Depths:1
Ziggurat: Depths:2

Annotations:
Lair:4 3 runed translucent doors, Nattfarinn's ghost, journeyman MfVM
Shoals:1 2 transporters, Cuklolon's ghost, adept SpEn


Message History

The golden eye's shape twists and changes as it dies.
Yredelemnul grants you a vampire knight!
You see here a shapeshifter corpse.
An ogre mage and an ettin come into view.
There are monsters nearby!
There are monsters nearby!
There are monsters nearby!
A deep troll earth mage comes into view.
The ogre mage shouts!
The ettin shouts in stereo!
You hear a shout! x2
The deep troll earth mage gestures at the ogre mage while chanting.
The metal wall shatters!
The blast of metal fragments hits you!
A frost giant comes into view.
It is wielding a +1 battleaxe of freezing.
The ogre mage gestures at itself while chanting.
The ogre mage flickers and vanishes for a moment.
You dice the ogre mage like an onion!!! You freeze the ogre mage!
You kill the ogre mage!
Yredelemnul accepts your kill.
You hear a shout!
You reach to attack!
You slash the deep troll earth mage! You freeze the deep troll earth mage.
You reach to attack!
You open the deep troll earth mage like a pillowcase!!!
You freeze the deep troll earth mage.
You kill the deep troll earth mage!
Yredelemnul accepts your kill.
The troll leather armour is intact enough to wear.
You hear a shout!
You reach to attack!
You barely miss the ettin.
A deep troll earth mage comes into view.
You hit the ettin. You freeze the ettin.
The ettin hits you with a +0 dire flail!!
The ettin barely misses you.
You hear a shout!
You barely miss the ettin. You chop the ettin into pieces!!!
You freeze the ettin! The ettin closely misses you.
The ettin hits you with a +0 dire flail!!
You are too injured to fight recklessly!
You are too injured to fight recklessly!
You are too injured to fight recklessly!
You call on the dead to rise...
The dead are walking!
The ettin completely misses you.
The ettin hits you with a +0 dire flail!
You swap places.
Your bone dragon bites the ettin!
The ettin dies!
Yredelemnul accepts your kill.
The frost giant points at you and mumbles some strange words.
The bolt of cold hits your bone dragon!
Your bone dragon resists.
The bolt of cold hits you!!!
* * * LOW HITPOINT WARNING * * *
The bolt of cold hits your bone dragon!!
Your bone dragon resists.
You hear a shout!
Reach: w) +4 bardiche (freeze)
Okay, then.
Space momentarily warps into an impossible shape!
You slash the frost giant!
Your deep troll earth mage zombie bites the frost giant!
Your deep troll earth mage zombie claws the frost giant but does no damage.
Your deep troll earth mage zombie claws the frost giant!
Space momentarily warps into an impossible shape!
You hit the frost giant.
The frost giant hits your bone dragon with a +1 battleaxe of freezing!
The frost giant hits your deep troll earth mage zombie with a +1 battleaxe of freezing.
Space momentarily warps into an impossible shape!
You slice the frost giant!! You freeze the frost giant.
Your deep troll earth mage zombie barely misses the frost giant.
Your deep troll earth mage zombie claws the frost giant.
Your deep troll earth mage zombie claws the frost giant!
Your vampire knight mumbles some strange words.
Your vampire knight seems to speed up.
A deep troll earth mage comes into view.
Your bone dragon bites the frost giant.
Your bone dragon claws the frost giant!
Your bone dragon tramples the frost giant.
The frost giant holds its ground!
Space momentarily warps into an impossible shape!
You slash the frost giant!
You kill the frost giant!
Yredelemnul accepts your kill.
You slice the deep troll earth mage!! You freeze the deep troll earth mage!
Your deep troll earth mage zombie bites the deep troll earth mage but does no damage.
Your deep troll earth mage zombie closely misses the deep troll earth mage. x2
Your bone dragon barely misses the deep troll earth mage.
Your bone dragon completely misses the deep troll earth mage.
Your bone dragon tramples the deep troll earth mage!
The deep troll earth mage holds its ground!
The deep troll earth mage points at your deep troll earth mage zombie and mumbles some strange words.
The metal wall shatters!
The blast of metal fragments hits your bone dragon.
The blast of metal fragments hits you!!
* * * LOW HITPOINT WARNING * * *
The deep troll earth mage points at your bone dragon and mumbles some strange words.
The metal wall shatters!
The blast of metal fragments hits your bone dragon.
The blast of metal fragments hits you!
* * * LOW HITPOINT WARNING * * *
The blast of metal fragments hits your bone dragon!!
You hear a shout! x2
You swap places.
Your bone dragon bites the deep troll earth mage!
Your bone dragon claws the deep troll earth mage.
Your bone dragon tramples the deep troll earth mage!
The deep troll earth mage holds its ground!
The deep troll earth mage gestures at your bone dragon while chanting.
Your bone dragon shatters!!!
The blast of bone shards hits your bone dragon but does no damage.
The blast of bone shards hits you but does no damage.
Your deep troll earth mage zombie bites the deep troll earth mage but does no damage.
Your deep troll earth mage zombie barely misses the deep troll earth mage.
Your deep troll earth mage zombie claws the deep troll earth mage.
The deep troll earth mage casts a spell at your bone dragon.
Your bone dragon shatters!
The blast of bone shards hits your bone dragon!
The blast of bone shards hits you!!
* * * LOW HITPOINT WARNING * * *
Blink to where?
As you read the scroll of blinking, it crumbles to dust.
Yredelemnul accepts your kill.
You feel a bit more experienced. Yredelemnul accepts your kill.
You feel a bit more experienced.
You begin recalling your allies.
Your bone dragon is recalled. x3
You swap places.
Your very ugly thing zombie is recalled. x2
Your fire giant zombie is recalled.
Your necromancer zombie is recalled.
Your vampire knight is recalled.
You swap places.
Your spriggan zombie is recalled.
Your ugly thing zombie is recalled.
You swap places.
Your hell knight zombie is recalled.
Your hornet zombie is recalled.
Your very ugly thing zombie is recalled.
You swap places.
Your ugly thing zombie is recalled.
Your necromancer zombie is recalled.
You finish recalling your allies.
You swap places.
You swap places.
Something hits your necromancer zombie!!
Your necromancer zombie is destroyed!
A spriggan defender comes into view. It is wielding a +1 vorpal flail.
The spriggan defender shouts!
The spriggan defender misses you.
Things that are here:
a +0 dagger; a +0 robe The spriggan defender blocks your attack.
The spriggan defender hits you with a +1 vorpal flail!!
* * * LOW HITPOINT WARNING * * *
You die...
Your body rises from the dead as a mindless zombie.

.....##.......# #..#^..#
.....###+#Z...+ #D.#####
.....#...#Z...##########D.#
.....#...#................#
.....##..#Z...............#
.....#.ZDZ..........Z.....##
.....#Z#############ZZ........
#####ZD# #ZZZ.ZZ#.†#.####....
.....Z## #ZV###@#Z.#.# .....
.....Z# ##Z#.i.#.##.# .....
....Z## #D#####.#..# ....
.....# ##ZDZZ.##.## ###Z##
#ZDZ..# .


ZDZZ# ##...## .ZZ## #...# .Z.# ##.## ..## #.# You could see a spriggan defender,
a friendly hornet zombie, 2 friendly ugly thing zombies, a friendly very ugly
thing zombie and a friendly hell knight zombie.

Vanquished Creatures
  A caustic shrike (Depths:2)
  Nikola (Vaults:3)
  An Ice Fiend (IceCv)
  A sphinx (Depths:3)
  5 nagarajas
  A storm dragon (Depths:2)
  2 fire giants
  6 vault wardens
  3 frost giants
  A very ugly thing (Depths:3)
  6 ironheart preservers
  3 stone giants
  3 vampire knights (Depths:1)
  2 dire elephants (Depths:2)
  2 deep elf annihilators
  3 deep elf death magi
  8 ettins
  Snorg (Lair:4)
  6 great orbs of eyes
  A jiangshi (Depths:2)
  4 fire dragons
  5 merfolk javelineers
  7 merfolk impalers
  6 yaktaur captains
  5 naga warriors
  A quicksilver dragon skeleton (Depths:2)
  A vault guard (Vaults:3)
  4 catoblepae
  Harold (D:7)
  2 rakshasas
  3 boulder beetles
  5 hydras
  A merfolk avatar (Shoals:1)
  7 ogre magi
  An alligator snapping turtle (Shoals:4)
  7 centaur warriors
  6 anacondas
  15 two-headed ogres
  A death knight (D:14)
  12 dancing weapons
  2 merfolk aquamancers (Shoals:4)
  2 death yaks (Lair:5)
  2 vampire magi (Depths:1)
  5 shock serpents
  An orc high priest (Orc:2)
  3 deep troll earth magi
  A tengu warrior (Vaults:2)
  3 hell knights (Depths:3)
  2 spriggan berserkers (Depths:3)
  9 deep elf knights
  A naga sharpshooter (Snake:2)
  A fire crab (shapeshifter) (Depths:1)
  3 naga ritualists
  12 skeletal warriors
  An unseen horror (shapeshifter) (Depths:1)
  10 sea snakes
  2 unseen horrors
  A deep troll (shapeshifter) (Depths:3)
  6 deep elf zephyrmancers
  A necromancer (Depths:3)
  5 deep trolls
  23 harpies
  4 ironbrand convokers
  5 orc knights
  7 deep elf archers
  2 wizards
  14 deep elf pyromancers
  A tengu skeleton (Vaults:3)
  5 fauns
  5 orc sorcerers (Orc:2)
  11 ugly things
  6 mana vipers
  3 cyclopes
  12 manticores
  3 salamanders
  6 elephants
  An ice statue (IceCv)
  2 stone giant skeletons (Vaults:3)
  15 black mambas
  5 merfolk sirens
  5 water nymphs
  2 centaur zombies (D:12)
  6 guardian serpents
  2 torpor snails
  6 vault sentinels
  4 naga magi
  A gargoyle (D:12)
  Maggie (D:7)
  15 cane toads
  An efreet (D:13)
  9 komodo dragons
  3 centaur skeletons
  19 yaktaurs
  4 anaconda simulacra (IceCv)
  2 rime drakes (D:14)
  A tengu conjurer (D:15)
  4 ice devils (IceCv)
  A golden dragon simulacrum (IceCv)
  11 merfolk
  4 freezing wraiths
  A troll (shapeshifter) (D:14)
  4 polar bears (Lair:2)
  A hornet (shapeshifter) (Depths:3)
  3 trolls
  3 hornets
  2 tyrant leeches
  Prince Ribbit (D:7)
  10 blink frogs
  2 wolf spider simulacra (IceCv)
  5 wind drakes (Shoals:4)
  6 slime creatures
  7 snapping turtles
  3 redbacks (Vaults:4)
  4 air elementals
  A tarantella (shapeshifter) (Vaults:1)
  A vampire (Shoals:2)
  2 ettin skeletons (Vaults:3)
  A spriggan (Depths:3)
  3 wraiths
  11 wyverns
  3 dire elephant simulacra (IceCv)
  13 water elementals
  A shadow (D:12)
  A human (shapeshifter) (Depths:1)
  54 yaks
  8 basilisks
  A yak (shapeshifter) (D:14)
  3 steam dragons
  Eustachio (D:4)
  2 golden eyes (shapeshifter)
  8 vampire mosquitoes
  A warg (shapeshifter) (Elf:1)
  A soldier ant (shapeshifter) (D:15)
  An iron troll simulacrum (IceCv)
  6 wargs
  A soldier ant (D:14)
  11 nagas
  5 hydra simulacra (IceCv)
  11 water moccasins
  2 hell hounds
  A deep troll skeleton (Vaults:3)
  19 orc warriors
  A necrophage (D:7)
  A swamp drake (D:12)
  3 ice beasts
  5 black bears (Lair:2)
  3 sky beasts
  An ettin simulacrum (IceCv)
  2 eyes of draining
  An eye of draining (shapeshifter) (D:14)
  8 wolves
  11 ogres
  16 boggarts
  16 centaurs
  An elf simulacrum (Vaults:1)
  3 phantoms
  21 bullfrogs
  A wyvern zombie (D:8)
  A hornet simulacrum (D:15)
  5 scorpions
  A water moccasin skeleton (D:6)
  20 wights
  A troll skeleton (D:7)
  13 killer bees
  An electric eel (Snake:2)
  10 howler monkeys
  9 hounds
  4 jellies
  4 quasits
  A draconian simulacrum (IceCv)
  A human simulacrum (Vaults:2)
  A human zombie (D:7)
  16 orc priests
  8 iguanas
  Natasha (twice) (D:3)
  5 human skeletons
  4 hell rats (D:14)
  10 worker ants
  21 orc wizards
  2 spriggan simulacra
  2 polar bear simulacra (IceCv)
  4 troll simulacra (IceCv)
  A wolf simulacrum (IceCv)
  6 centaur simulacra (IceCv)
  3 hound zombies
  A hound skeleton (D:8)
  3 mummies (D:7)
  A worker ant zombie (D:7)
  4 gnolls
  A howler monkey skeleton (D:10)
  An ogre simulacrum (IceCv)
  11 adders
  A naga simulacrum (IceCv)
  3 shadow imps
  7 white imps
  6 ufetubi
  7 oozes
  A worm (D:3)
  2 adder skeletons
  4 dart slugs
  9 leopard geckos
  72 orcs
  7 giant cockroaches
  11 goblins
  7 hobgoblins
  16 jackals
  2 quokkas
  4 ball pythons
  8 frilled lizards
  A jackal zombie (D:5)
  6 kobolds
  2 orc zombies (D:7)
  6 rats
1134 creatures vanquished.

Vanquished Creatures (collateral kills)
  Frederick (Vaults:3)
  2 caustic shrikes (Depths:2)
  Rupert (Lair:4)
  The ghost of Nemuddah the Scorcher, an adept GrEE of Vehumet (Vaults:2)
  A kraken (Shoals:1)
  Donald (Vaults:1)
  9 nagarajas
  A fire giant (Depths:1)
  3 vault wardens
  A deep elf sorcerer (Elf:2)
  A frost giant (Depths:3)
  5 ironheart preservers
  4 vampire knights (Depths:1)
  6 stone giants
  3 very ugly things (Depths:3)
  A deep elf demonologist (Elf:1)
  An entropy weaver (Vaults:4)
  2 spark wasps (Depths:1)
  A minotaur (Vaults:2)
  4 ettins
  A deep elf death mage (Vaults:2)
  2 merfolk impalers
  4 fire dragons
  A jiangshi (Depths:2)
  3 rakshasas
  7 yaktaur captains
  3 great orbs of eyes
  4 vault guards
  6 ice dragons
  3 centaur warriors
  2 boulder beetles
  14 naga warriors
  5 ogre magi
  2 merfolk aquamancers (Shoals:4)
  10 anacondas
  4 hydras
  A merfolk avatar (Shoals:4)
  A tengu warrior (Vaults:2)
  An alligator snapping turtle (Shoals:1)
  13 dancing weapons
  17 two-headed ogres
  2 deep troll shamans
  3 deep troll earth magi
  Urug (D:12)
  3 death yaks
  11 naga sharpshooters
  A vampire mage (Depths:2)
  4 shock serpents
  2 orc high priests (Orc:2)
  A spriggan berserker (Depths:3)
  7 deep elf knights
  2 hell knights (Depths:3)
  3 sea snakes
  A shadow wraith (Vaults:4)
  A skeletal warrior (Vaults:3)
  A storm dragon skeleton (Vaults:3)
  A salamander mystic (Snake:2)
  A spriggan druid (Depths:2)
  An unseen horror (D:15)
  7 deep elf archers
  A lindwurm (Depths:2)
  A glowing orange brain (Depths:1)
  8 deep trolls
  4 naga ritualists
  3 wizards
  8 harpies
  5 ironbrand convokers
  8 orc knights
  A fire giant zombie (Vaults:2)
  15 deep elf zephyrmancers
  10 deep elf pyromancers
  An orc sorcerer (Orc:2)
  4 necromancers
  A shining eye (shapeshifter) (Vaults:4)
  27 ugly things
  A cyclops (Vaults:1)
  A faun (Shoals:1)
  5 mana vipers
  3 salamanders
  A human zombie (Vaults:2)
  6 wolf spiders
  3 manticores
  7 elephants
  11 slime creatures
  A water nymph (Shoals:2)
  A torpor snail (Lair:6)
  A centaur zombie (D:15)
  19 black mambas
  2 merfolk sirens
  11 naga magi
  11 guardian serpents
  A frost giant skeleton (Depths:2)
  5 vault sentinels
  9 cane toads
  2 komodo dragons
  A rime drake (D:14)
  A yaktaur zombie (Vaults:2)
  26 yaktaurs
  A freezing wraith (Vaults:4)
  An ice devil (Depths:3)
  5 trolls
  A queen bee (shapeshifter) (Depths:2)
  A troll (shapeshifter) (Vaults:2)
  3 tyrant leeches (Lair:6)
  10 merfolk
  5 wind drakes
  4 hornets
  5 blink frogs
  2 snapping turtles (Shoals:1)
  A spriggan (shapeshifter) (Depths:3)
  An air elemental (Elf:1)
  3 spriggans
  11 water elementals
  A wyvern (D:14)
  23 yaks
  A wraith (Vaults:1)
  8 basilisks
  25 nagas
  3 vampire mosquitoes (Lair:6)
  2 wargs
  6 water moccasins
  A soldier ant (D:15)
  A hell hound (Depths:2)
  21 orc warriors
  A black bear (Lair:2)
  A black bear (shapeshifter) (Depths:2)
  An ice beast (D:11)
  An ettin simulacrum (Vaults:2)
  18 ogres
  2 wolves
  10 boggarts
  A wolf (shapeshifter) (D:14)
  5 centaurs
  6 bullfrogs
  2 human skeletons (Vaults:3)
  An earth elemental (Elf:2)
  A glowing shapeshifter simulacrum (Depths:2)
  A scorpion (D:12)
  2 killer bees (D:10)
  3 electric eels (Snake:2)
  2 howler monkeys (D:11)
  2 hounds (D:12)
  17 orc priests
  An iguana (D:11)
  16 orc wizards
  A worker ant (D:11)
  A hell rat (D:14)
  3 gnolls (Orc:2)
  An ooze (Lair:5)
  2 leopard geckos (D:11)
  37 orcs
717 creatures vanquished.

Vanquished Creatures (others)
  A profane servitor (Depths:2)
  A bone dragon (Depths:2)
  2 ghouls
  5 vampire knights
  A spectral storm dragon (Depths:2)
  A spectral merfolk (Vaults:1)
  A spectral orc (Vaults:2)
  A dancing weapon (Elf:1)
  A tengu warrior (Vaults:2)
  A spectral elephant slug (Lair:6)
  3 skeletal warriors
  2 deep trolls (Vaults:3)
  9 flayed ghosts
  An ironbrand convoker (Vaults:3)
  A deep elf archer (Elf:1)
  A deep elf zephyrmancer (Elf:1)
  2 phantasmal warriors
  An orc sorcerer (Elf:1)
  14 flying skulls
  4 wraiths
  8 vampires
  A naga (Snake:4)
  An ogre (Vaults:1)
  3 anaconda zombies
  A wolf spider zombie (Vaults:3)
  5 ugly thing zombies
  A wight (D:14)
  A spectral boggart (Depths:3)
  2 stone giant zombies (Depths:2)
  2 shock serpent zombies
  A fire giant zombie (Depths:2)
  9 human zombies
  6 sea snake zombies
  An ettin zombie (Depths:3)
  4 black mamba zombies
  2 hydra zombies
  6 blink frog zombies
  4 guardian serpent zombies
  A rime drake zombie (D:14)
  3 mummies
  3 wind drake zombies (Shoals:4)
  6 cane toad zombies
  3 deep troll zombies
  A faun zombie (Shoals:2)
  2 two-headed ogre zombies
  13 harpy zombies
  An orc skeleton (Orc:2)
  A snapping turtle zombie (Shoals:4)
  4 white imps (IceCv)
  3 vampire mosquito zombies
  5 ufetubi (IceCv)
  3 wolf zombies
  3 elephant zombies (Lair:5)
  4 elf zombies
  A hell hound zombie (Depths:2)
  2 hornet zombies
  A komodo dragon zombie (D:14)
  4 manticore zombies
  8 merfolk zombies
  2 spriggan zombies
  2 water moccasin zombies
  3 wyvern zombies
  4 yaktaur zombies
  5 basilisk zombies
  4 naga zombies (Snake:4)
  A sky beast zombie (D:9)
  20 yak zombies
  2 adder zombies
  12 bullfrog zombies
  3 centaur zombies
  A gnoll zombie (Orc:2)
  A hell rat zombie (D:14)
  4 hound zombies
  4 howler monkey zombies
  2 iguana zombies
  3 leopard gecko zombies
  7 ogre zombies
  56 orc zombies
  A scorpion zombie (D:11)
  3 troll zombies
  A worker ant zombie (D:10)
  A bush (Depths:2)
  149 fungi
  292 plants
766 creatures vanquished.

Grand Total: 2617 creatures vanquished

Notes
Turn   | Place    | Note
-------+----------+-------------------------------------------
     0 | D:1      | CryoSword the Merfolk Gladiator began the quest for the
                  | Orb.
     0 | D:1      | Reached XP level 1. HP: 16/16 MP: 1/1
   166 | D:1      | Reached XP level 2. HP: 23/23 MP: 2/2
   209 | D:1      | Reached skill level 5 in Polearms
   209 | D:1      | Reached skill level 1 in Stealth
   767 | D:2      | Reached XP level 3. HP: 28/28 MP: 3/3
  1048 | D:2      | Reached XP level 4. HP: 21/35 MP: 4/4
  1450 | D:2      | Found a burning altar of Makhleb.
  1521 | D:2      | Reached skill level 6 in Polearms
  2120 | D:3      | Noticed Natasha
  2229 | D:2      | Reached XP level 5. HP: 37/41 MP: 5/5
  2284 | D:3      | Found a hide-covered altar of Uskayaw.
  2337 | D:3      | Killed Natasha
  2406 | D:3      | Noticed Natasha
  2419 | D:3      | Killed Natasha
  2550 | D:3      | Reached skill level 7 in Polearms
  2923 | D:3      | Reached XP level 6. HP: 25/48 MP: 6/6
  3212 | D:4      | Noticed Eustachio
  3232 | D:4      | Killed Eustachio
  3233 | D:4      | Reached skill level 8 in Polearms
  3233 | D:4      | Reached XP level 7. HP: 52/55 MP: 7/7
  3549 | D:4      | Reached skill level 9 in Polearms
  3583 | D:4      | Found a glowing silver altar of Zin.
  3686 | D:4      | Reached skill level 5 in Fighting
  4103 | D:4      | Found a blossoming altar of Fedhas.
  4146 | D:5      | Entered Level 5 of the Dungeon
  4153 | D:5      | Noticed a yak
  4154 | D:5      | Noticed a yak
  4155 | D:5      | Noticed a yak
  4155 | D:5      | Noticed a yak
  4156 | D:5      | Noticed a yak
  4181 | D:4      | Killed a yak
  4182 | D:4      | Reached skill level 10 in Polearms
  4182 | D:4      | Reached XP level 8. HP: 29/63 MP: 8/8
  4430 | D:5      | Found a sacrificial altar of Ru.
  5052 | D:4      | Killed a yak
  5053 | D:4      | Reached skill level 11 in Polearms
  5339 | D:5      | Killed a yak
  5356 | D:5      | Killed a yak
  5399 | D:4      | Killed a yak
  5400 | D:4      | Reached skill level 12 in Polearms
  5870 | D:5      | Reached XP level 9. HP: 48/72 MP: 9/9
  6392 | D:6      | Reached skill level 13 in Polearms
  6915 | D:6      | Reached skill level 14 in Polearms
  7448 | D:6      | Found a stormy altar of Qazlal.
  7509 | D:7      | Found a staircase to the Ecumenical Temple.
  7516 | Temple   | Entered the Ecumenical Temple
  7523 | Temple   | Became a worshipper of Yredelemnul the Dark
  7889 | D:6      | Reached skill level 1 in Invocations
  8177 | D:7      | Noticed Maggie
  8197 | D:7      | Killed Maggie
  8198 | D:7      | Reached XP level 10. HP: 61/82 MP: 9/11
  8410 | D:7      | Reached skill level 5 in Dodging
  8480 | D:7      | Noticed Harold
  8485 | D:7      | Noticed Prince Ribbit
  8898 | D:6      | Reached skill level 15 in Polearms
  9311 | D:7      | Killed Harold
  9351 | D:7      | Killed Prince Ribbit
  9453 | D:7      | Found an opulent altar of Gozag.
  9462 | D:7      | Found Gozag's Platinum Reserve.
  9514 | D:7      | Found an ancient bone altar of Kikubaaqudgha.
  9539 | D:7      | Reached * piety under Yredelemnul
  9900 | D:8      | Found a white marble altar of Elyvilon.
 10937 | D:8      | Reached skill level 16 in Polearms
 11123 | D:9      | Noticed a cyclops
 11133 | D:9      | Killed a cyclops
 11134 | D:9      | Reached skill level 5 in Invocations
 11134 | D:9      | Reached XP level 11. HP: 63/90 MP: 10/14
 11157 | D:8      | Reached skill level 10 in Fighting
 11291 | D:8      | Reached ** piety under Yredelemnul
 11610 | D:8      | Killed an unseen horror
 11746 | D:9      | Found a sparkling altar of Nemelex Xobeh.
 11808 | D:9      | Found a shadowy altar of Dithmenos.
 11889 | D:9      | Noticed a two-headed ogre
 12207 | D:8      | Killed a two-headed ogre
 12382 | D:10     | Entered Level 10 of the Dungeon
 12491 | D:10     | Reached skill level 5 in Stealth
 12562 | D:10     | Noticed a deep elf archer
 13005 | D:10     | Killed a deep elf archer
 13078 | D:10     | Reached *** piety under Yredelemnul
 13513 | D:11     | Found Vewod's Magic Scroll Emporium.
 13520 | D:11     | Bought a scroll of magic mapping for 45 gold pieces
 13520 | D:11     | Bought a scroll of enchant armour for 97 gold pieces
 13520 | D:11     | Bought a scroll of magic mapping for 45 gold pieces
 13520 | D:11     | Bought a scroll of identify for 26 gold pieces
 13520 | D:11     | Bought a scroll of magic mapping for 45 gold pieces
 13520 | D:11     | Bought a scroll of blinking for 97 gold pieces
 13520 | D:11     | Bought a scroll of summoning for 123 gold pieces
 13520 | D:11     | Bought a scroll of identify for 26 gold pieces
 13629 | D:11     | Noticed a two-headed ogre
 13640 | D:11     | Killed a two-headed ogre
 13715 | D:11     | Received a gift from Yredelemnul (a mummy)
 13767 | D:11     | Found a staircase to the Lair.
 13875 | D:11     | Reached XP level 12. HP: 72/100 MP: 17/19
 14005 | D:11     | Noticed a centaur warrior
 14006 | D:11     | Reached skill level 10 in Invocations
 14020 | D:11     | Killed a centaur warrior
 14028 | D:11     | Reached **** piety under Yredelemnul
 14028 | D:11     | Received a gift from Yredelemnul (a mummy)
 14876 | D:12     | Received a gift from Yredelemnul (a mummy)
 15029 | D:12     | Noticed a two-headed ogre
 15142 | D:12     | Received a gift from Yredelemnul (a wraith)
 15326 | D:12     | Found a staircase to the Orcish Mines.
 15523 | D:12     | HP: 3/154 [red ugly thing (21)]
 15597 | D:12     | Noticed Urug
 15611 | D:12     | Killed Urug
 15986 | D:12     | Reached XP level 13. HP: 71/109 MP: 22/22
 16041 | D:12     | Got a pair of dazzling boots
 16042 | D:12     | Identified the +1 pair of boots of Cocytus {Str+5 Int+4
                  | SInv} (You found it on level 12 of the Dungeon)
 16678 | D:13     | Reached skill level 1 in Armour
 16825 | D:13     | Found Ded Ciwi's Magic Scroll Boutique.
 16852 | D:13     | Reached skill level 17 in Polearms
 16901 | D:13     | Bought a scroll of enchant armour for 120 gold pieces
 16901 | D:13     | Bought a scroll of magic mapping for 56 gold pieces
 16901 | D:13     | Bought a scroll of teleportation for 48 gold pieces
 16901 | D:13     | Bought a scroll of identify for 32 gold pieces
 16901 | D:13     | Bought a scroll of teleportation for 48 gold pieces
 16901 | D:13     | Bought a scroll of identify for 32 gold pieces
 17436 | D:14     | Noticed an ironheart preserver
 17454 | D:14     | Killed an ironheart preserver
 17512 | D:14     | Received a gift from Yredelemnul (a wight)
 17610 | D:14     | Found a gate to the Vaults.
 17964 | D:14     | Reached ***** piety under Yredelemnul
 18572 | Lair:1   | Entered Level 1 of the Lair of Beasts
 18716 | Lair:1   | Received a gift from Yredelemnul (4 flying skulls)
 18975 | Lair:1   | Reached skill level 18 in Polearms
 18984 | Lair:1   | Reached XP level 14. HP: 111/118 MP: 24/24
 19931 | Lair:2   | Noticed Gastronok
 19954 | Lair:2   | Killed Gastronok
 19954 | Lair:2   | Enslaved Gastronok
 20384 | Lair:2   | Found a staircase to the Shoals.
 20762 | Lair:3   | Found a staircase to the Snake Pit.
 20798 | Lair:3   | Received a gift from Yredelemnul (3 flying skulls)
 21805 | Lair:4   | Received a gift from Yredelemnul (a wraith)
 21837 | Lair:4   | Noticed Rupert
 21852 | Lair:4   | Killed Rupert
 21953 | Lair:4   | Noticed Snorg
 21965 | Lair:4   | Killed Snorg
 22139 | Lair:4   | Reached skill level 19 in Polearms
 22257 | Lair:4   | Found a runed translucent gate.
 22257 | Lair:4   | Found a runed translucent gate.
 22257 | Lair:4   | Found a runed translucent gate.
 22263 | Lair:4   | Noticed Nattfarinn's ghost (journeyman MfVM)
 22278 | Lair:4   | Received a gift from Yredelemnul (5 flying skulls)
 23064 | Lair:5   | Reached skill level 15 in Invocations
 23228 | Lair:5   | Found a runed translucent door.
 23229 | Lair:5   | Found a viscous altar of Jiyva.
 23232 | Lair:5   | Found a staircase to the Slime Pits.
 23238 | Lair:5   | Received a gift from Yredelemnul (a phantasmal warrior)
 23622 | Lair:6   | Entered Level 6 of the Lair of Beasts
 23645 | Lair:6   | Your ally Gastronok died
 23753 | Lair:5   | Reached XP level 15. HP: 67/126 MP: 21/26
 24130 | Lair:6   | Received a gift from Yredelemnul (2 flying skulls)
 24375 | Lair:6   | Received a gift from Yredelemnul (a skeletal warrior)
 24521 | Lair:6   | Got a scorched copper ring
 24531 | Lair:6   | Got a steaming brass ring
 24532 | Lair:6   | Identified the ring "Hoklyril" {rPois Str+4} (You found it
                  | on level 6 of the Lair of Beasts)
 24533 | Lair:6   | Identified the ring of Poupnoh {rN+ MP+9 Stlth+} (You found
                  | it on level 6 of the Lair of Beasts)
 24574 | Lair:6   | Reached ****** piety under Yredelemnul
 24618 | Lair:6   | Received a gift from Yredelemnul (a wraith)
 25246 | Orc:1    | Entered Level 1 of the Orcish Mines
 25345 | Orc:2    | Entered Level 2 of the Orcish Mines
 25387 | Orc:2    | Received a gift from Yredelemnul (a vampire)
 25532 | Orc:2    | Received a gift from Yredelemnul (a skeletal warrior)
 25534 | Orc:2    | Reached skill level 20 in Polearms
 25598 | Orc:2    | Reached skill level 5 in Armour
 25796 | Orc:2    | Received a gift from Yredelemnul (a wraith)
 26156 | Orc:2    | Found a roughly hewn altar of Beogh.
 26290 | Orc:2    | Found a staircase to the Elven Halls.
 26365 | Orc:2    | Found Zisyur's General Store.
 26365 | Orc:2    | Found Ohait's Assorted Antiques.
 26366 | Orc:2    | Found Fanienes's Magic Scroll Emporium.
 26366 | Orc:2    | Found Vudy's Antique Weapon Emporium.
 26376 | Orc:2    | Bought a potion of cancellation for 256 gold pieces
 26376 | Orc:2    | Bought a potion of heal wounds for 160 gold pieces
 26388 | Orc:2    | Bought a scroll of identify for 28 gold pieces
 26388 | Orc:2    | Bought a potion of haste for 140 gold pieces
 26388 | Orc:2    | Bought a scroll of identify for 28 gold pieces
 26388 | Orc:2    | Bought a scroll of identify for 28 gold pieces
 26388 | Orc:2    | Bought a potion of lignification for 42 gold pieces
 26390 | Orc:2    | Bought 3 scrolls of fog for 84 gold pieces
 26390 | Orc:2    | Bought a scroll of identify for 28 gold pieces
 26390 | Orc:2    | Bought a scroll of identify for 28 gold pieces
 26390 | Orc:2    | Bought a scroll of identify for 28 gold pieces
 26390 | Orc:2    | Bought a scroll of enchant armour for 105 gold pieces
 26390 | Orc:2    | Bought a scroll of brand weapon for 280 gold pieces
 26579 | Orc:1    | Received a gift from Yredelemnul (a vampire knight)
 26627 | Orc:1    | Found Dochygiy's Assorted Antiques.
 26790 | Orc:1    | Received a gift from Yredelemnul (a bone dragon)
 27182 | D:15     | Entered Level 15 of the Dungeon
 27197 | D:15     | Reached skill level 10 in Dodging
 27241 | D:15     | Found Zaen's Distillery.
 27255 | D:15     | Received a gift from Yredelemnul (a vampire)
 27322 | D:15     | Bought a potion of haste for 140 gold pieces
 27322 | D:15     | Bought a potion of brilliance for 56 gold pieces
 27322 | D:15     | Bought 2 potions of might for 112 gold pieces
 27322 | D:15     | Bought a potion of might for 56 gold pieces
 27322 | D:15     | Bought a potion of heal wounds for 70 gold pieces
 27395 | D:15     | Found Goihoipa's Assorted Antiques.
 27405 | D:15     | Bought a scroll of identify for 68 gold pieces
 27425 | D:15     | Found a roughly hewn altar of Beogh.
 27454 | D:15     | Found Memizeete's Antique Weapon Emporium.
 27588 | D:15     | Found Cick's Assorted Antiques.
 27674 | D:15     | Found a staircase to the Depths.
 27790 | D:15     | Found a bloodstained altar of Trog.
 27982 | Shoals:1 | Entered Level 1 of the Shoals
 28039 | Shoals:1 | Reached XP level 16. HP: 99/134 MP: 28/28
 28054 | Shoals:1 | Found a transporter.
 28118 | Shoals:1 | Found a transporter.
 28123 | Shoals:1 | Found a bloodstained altar of Trog.
 28124 | Shoals:1 | Identified the +11 trident "Xadovvo" {vorpal, +Fly rC+ rN+
                  | Dex-5}
 28125 | Shoals:1 | Identified the +5 demon trident of Uthaadug {antimagic, rF+
                  | rN+}
 28135 | Shoals:1 | Noticed Cuklolon's ghost (adept SpEn)
 28382 | Shoals:1 | Reached skill level 15 in Fighting
 28659 | Shoals:1 | Received a gift from Yredelemnul (a vampire)
 28935 | Shoals:1 | Noticed a kraken
 28955 | Shoals:1 | Killed a kraken
 29277 | Shoals:2 | Received a gift from Yredelemnul (a vampire)
 29521 | Shoals:2 | Found Uxisua's General Store.
 29553 | Shoals:2 | Bought a scroll of teleportation for 45 gold pieces
 29553 | Shoals:2 | Bought a scroll of identify for 30 gold pieces
 29553 | Shoals:2 | Bought a scroll of teleportation for 45 gold pieces
 29553 | Shoals:2 | Identified a scroll of acquirement
 30233 | Shoals:3 | Noticed Ilsuiw
 30239 | Shoals:3 | Reached skill level 21 in Polearms
 30277 | Shoals:3 | Killed Ilsuiw
 30277 | Shoals:3 | Enslaved Ilsuiw
 31195 | Shoals:4 | Entered Level 4 of the Shoals
 31340 | Shoals:4 | Received a gift from Yredelemnul (a flayed ghost)
 31344 | Shoals:4 | Got a scintillating bone ring
 31400 | Shoals:4 | Identified the ring "Hiowet" {Ice rPois Will+ Str+6} (You
                  | found it on level 4 of the Shoals)
 31622 | Shoals:4 | Reached skill level 22 in Polearms
 31892 | Shoals:4 | HP: 6/137 [merfolk impaler/+2 demon trident of
                  | electrocution (19)]
 32006 | Shoals:4 | Got a polished spear
 32008 | Shoals:4 | Identified the +5 spear of the Viper {chaos, rPois} (You
                  | found it on level 4 of the Shoals)
 32132 | Shoals:4 | Received a gift from Yredelemnul (a vampire)
 32133 | Shoals:4 | Reached XP level 17. HP: 64/143 MP: 29/29
 32349 | Shoals:4 | Reached skill level 23 in Polearms
 32602 | Shoals:4 | Got a barnacled rune of Zot
 33002 | Snake:1  | Entered Level 1 of the Snake Pit
 33114 | Snake:1  | Found Sonesm's Jewellery Shop.
 33174 | Snake:1  | Found a frozen archway.
 33193 | IceCv    | Entered an ice cave
 33891 | IceCv    | Reached skill level 24 in Polearms
 34018 | IceCv    | Noticed an Ice Fiend
 34054 | IceCv    | Killed an Ice Fiend
 34120 | IceCv    | Received a gift from Yredelemnul (a flayed ghost)
 35280 | Snake:2  | Received a gift from Yredelemnul (a flayed ghost)
 35439 | Snake:2  | Reached skill level 25 in Polearms
 35577 | Snake:1  | Bought the amulet "Zicud" {Reflect rElec Dex+4 SH+5} for
                  | 733 gold pieces
 35785 | D:15     | Bought a pair of runed gloves for 255 gold pieces
 37018 | Snake:3  | Reached skill level 26 in Polearms
 37018 | Snake:3  | Reached XP level 18. HP: 151/151 MP: 28/30
 37583 | Snake:4  | Entered Level 4 of the Snake Pit
 37649 | Snake:4  | Learned a level 2 spell: Blink
 37654 | Snake:4  | Learned a level 4 spell: Manifold Assault
 37660 | Snake:4  | Learned a level 5 spell: Summon Mana Viper
 37738 | Snake:4  | Received a gift from Yredelemnul (a vampire)
 38015 | Snake:4  | Reached skill level 27 in Polearms
 38028 | Snake:4  | Received a gift from Yredelemnul (a flayed ghost)
 38065 | Snake:4  | Acquired a +2 bardiche of freezing
 38090 | Snake:4  | Reached skill level 1 in Spellcasting
 38092 | Snake:4  | Reached skill level 1 in Translocations
 38118 | Snake:4  | Received a gift from Yredelemnul (a ghoul)
 38278 | Snake:4  | Got a serpentine rune of Zot
 38335 | Snake:4  | Got faintly glowing ice dragon scales
 38336 | Snake:4  | Identified the +9 ice dragon scales of Veilye {*Slow +Fly
                  | rF- rC++ rCorr} (You found it on level 4 of the Snake Pit)
 38661 | Elf:1    | Entered Level 1 of the Elven Halls
 38690 | Elf:1    | Found a radiant altar of Vehumet.
 38888 | Elf:1    | Received a gift from Yredelemnul (a profane servitor)
 39211 | Elf:1    | Found Susit's Antique Armour Boutique.
 39220 | Elf:1    | Received a gift from Yredelemnul (a ghoul)
 39244 | Elf:1    | Bought a runed cloak for 322 gold pieces
 39457 | Elf:1    | Reached XP level 19. HP: 140/157 MP: 31/31
 39779 | Elf:2    | Found a huge runed translucent gate.
 39779 | Elf:2    | Found a huge runed translucent gate.
 39843 | Elf:2    | Found a huge runed translucent gate.
 39844 | Elf:2    | Found a huge runed translucent gate.
 39845 | Elf:2    | Found a huge runed translucent gate.
 39881 | Elf:2    | Received a gift from Yredelemnul (a bone dragon)
 40036 | Elf:2    | Found Jiruho's Armour Shoppe.
 40178 | Elf:2    | Found Lafuec's Jewellery Shoppe.
 40246 | Elf:2    | Received a gift from Yredelemnul (a vampire)
 40288 | Elf:2    | Found Veoxiz's General Store.
 40540 | Vaults:1 | Entered Level 1 of the Vaults
 41324 | Vaults:1 | Identified the +0 kite shield of Submission {Will+ Str+7
                  | Stlth+}
 41324 | Vaults:1 | Noticed Donald
 41331 | Vaults:1 | Killed Donald
 41527 | Vaults:1 | Your ally Ilsuiw died
 42279 | Vaults:2 | Found a runed translucent gate.
 42279 | Vaults:2 | Found a runed translucent gate.
 42280 | Vaults:2 | Found a runed translucent gate.
 42280 | Vaults:2 | Identified the +6 scale mail of the Beginning {Will++ SInv}
 42281 | Vaults:2 | Noticed Nemuddah's ghost (adept GrEE)
 42282 | Vaults:2 | Found an iron altar of Okawaru.
 42314 | Vaults:2 | Killed Nemuddah's ghost
 42315 | Vaults:2 | Received a gift from Yredelemnul (a flayed ghost)
 42615 | Vaults:2 | Reached skill level 5 in Translocations
 42625 | Vaults:2 | Reached XP level 20. HP: 153/170 MP: 32/32
 42853 | Vaults:2 | Received a gift from Yredelemnul (a skeletal warrior)
 43078 | Vaults:2 | Got a faintly humming helmet
 43079 | Vaults:2 | Identified the +0 helmet "Diecw" {Int+3} (You found it on
                  | level 2 of the Vaults)
 43561 | Vaults:3 | Noticed Frederick
 43569 | Vaults:3 | Killed Frederick
 43570 | Vaults:3 | Received a gift from Yredelemnul (a vampire)
 43744 | Vaults:3 | Received a gift from Yredelemnul (a vampire knight)
 43811 | Vaults:3 | Noticed Bai Suzhen
 43824 | Vaults:3 | Killed Bai Suzhen
 43824 | Vaults:3 | Enslaved Bai Suzhen
 43844 | Vaults:3 | Received a gift from Yredelemnul (a vampire)
 44023 | Vaults:3 | Noticed Nikola
 44050 | Vaults:3 | Received a gift from Yredelemnul (a vampire knight)
 44054 | Vaults:3 | Killed Nikola
 44281 | Vaults:3 | Found a staircase to the Crypt.
 44472 | Vaults:3 | Found Fehetupo's Jewellery Boutique.
 45078 | Vaults:4 | Received a gift from Yredelemnul (a vampire knight)
 45330 | Vaults:4 | Received a gift from Yredelemnul (a vampire knight)
 45523 | Vaults:4 | Received a gift from Yredelemnul (a flayed ghost)
 45607 | Vaults:4 | Reached XP level 21. HP: 136/180 MP: 33/33
 45687 | Vaults:4 | Found Woph's Distillery.
 45702 | Vaults:4 | Received a gift from Yredelemnul (a phantasmal warrior)
 45709 | Vaults:4 | Bought a potion of mutation for 96 gold pieces
 45709 | Vaults:4 | Bought a potion of haste for 120 gold pieces
 45709 | Vaults:4 | Bought 2 potions of berserk rage for 120 gold pieces
 45709 | Vaults:4 | Bought a potion of heal wounds for 60 gold pieces
 46658 | Depths:1 | Entered Level 1 of the Depths
 47212 | Depths:1 | Received a gift from Yredelemnul (a flayed ghost)
 47489 | Depths:1 | Found the +12 Vampire's Tooth {vamp}
 47572 | Depths:1 | Found a one-way gate to the infinite horrors of the Abyss.
 47813 | Depths:1 | Found a gateway to Hell.
 48164 | Depths:2 | Received a gift from Yredelemnul (a skeletal warrior)
 48175 | Depths:2 | Found a snail-covered altar of Cheibriados.
 48192 | Depths:2 | Your ally Bai Suzhen died
 48315 | Depths:2 | Found a gateway to a ziggurat.
 48428 | Depths:2 | Noticed a caustic shrike
 48441 | Depths:2 | Killed a caustic shrike
 48443 | Depths:2 | Received a gift from Yredelemnul (a bone dragon)
 48566 | Depths:2 | Received a gift from Yredelemnul (a bone dragon)
 48997 | Depths:2 | Noticed a caustic shrike
 49006 | Depths:2 | Noticed a caustic shrike
 49007 | Depths:2 | Killed a caustic shrike
 49020 | Depths:2 | Killed a caustic shrike
 49585 | Depths:3 | Received a gift from Yredelemnul (a flayed ghost)
 49659 | Depths:3 | Reached skill level 15 in Dodging
 49675 | Depths:3 | Acquired a +4 antimagic glaive
 49768 | Depths:3 | Reached XP level 22. HP: 190/190 MP: 15/35
 49781 | Depths:3 | Received a gift from Yredelemnul (a flayed ghost)
 50201 | Depths:3 | Received a gift from Yredelemnul (a vampire knight)
 50241 | Depths:3 | HP: 4/191 [spriggan defender/+1 vorpal flail (27)]
 50241 | Depths:3 | Slain by a spriggan defender

Illustrated notes

Levels and vault maps discovered:
D:1:      minmay_arrival_solitary_statue, layout_basic
D:2:      minmay_recursive_quarters, layout_basic,
          nicolae_overflow_crystal_walls, grunt_decor_arrowhead
D:3:      layout_basic, overflow_temple_1_default, uniq_natasha
D:4:      layout_rooms, marbit_many_paths, general_overflow_altar,
          uniq_eustachio
D:5:      layout_loops_ring, serial_bayou_pond_e, nicolae_ru_awakened_eye
D:6:      kennysheep_steamy, layout_loops_ring, lemuel_coloured_pillars_altar
D:7:      minmay_clustersquares, layout_rooms, nicolae_gozag_zags_fifth_avenue,
          lemuel_mausoleum_altar_kikubaaqudgha, minmay_temple_entry_butterflies,
          uniq_harold, uniq_maggie, uniq_prince_ribbit1
D:8:      layout_basic, elyvilon_altar_5
D:9:      layout_rooms, grunt_dithmenos_shadows, nemelex_altar_shiori,
          kennysheep_generic_room_3
D:10:     nzn_winding_woodlands_small [nzn_winding_woodlands_5x15_zeroes,
          nzn_winding_woodlands_center_lodge, nzn_winding_woodlands_5x15_pool],
          layout_basic
D:11:     layout_basic, minmay_lair_entry_grove, serial_shops, shop
D:12:     layout_basic, erik_orc_1, minmay_misc_feat_five,
          kennysheep_generic_room_16, uniq_urug
D:13:     layout_roguey, serial_shops, shop, serial_bayou_pond_e
D:14:     layout_loops_cross, skrybe_vaults_entry_preservation, special_room
          [special_room_mythical_zoo], serial_glass, glass_columns_a,
          glass_columns_a, minmay_strange_pillars, minmay_strange_pillars,
          feat_on_display, minmay_strange_pillars, minmay_bent
D:15:     grunt_enter_depths_hoard, layout_cave_pools, serial_shops, shop, shop,
          nicolae_shop_statue_plus, shop_fountains, special_room
          [special_room_orc], kennysheep_flooded_box
Temple:   nicolae_temple_no_exploring_needed
Lair:1:   layout_concentric_octagons, beast_lair_carwin_11
Lair:2:   beast_lair_carwin_large_3, layout_long_grid,
          minmay_shoals_entry_lonely_mermaid, serial_bayou_lagoon_a,
          uniq_gastronok
Lair:3:   layout_gridlike, dummy_snake_entry, kennysheep_basilisk_garden,
          lemuel_fruit_tree
Lair:4:   layout_regular_city, gammafunk_ghost_necromancy,
          chequers_serial_rivers_small_a, uniq_snorg, uniq_rupert
Lair:5:   layout_cave_shapes, slime_altar_2, st_stairs_5, serial_bayou_shore_b,
          grunt_megastairs_3
Lair:6:   minmay_lair_end_frog_pond, layout_long_grid
Shoals:1: layout_shoals, gammafunk_ghost_wrathful_warriors
Shoals:2: layout_shoals, serial_shops, shop
Shoals:3: layout_shoals, uniq_ilsuiw
Shoals:4: shoals_end_simple, layout_shoals
Snake:1:  layout_chambers, serial_shops, nicolae_shop_crystal,
          portal_ice_cave_entry_pillars_1
Snake:2:  layout_basic
Snake:3:  hangedman_cross_stitches, layout_cave_town
Snake:4:  grunt_snake_rune_serpentine_throne, layout_onion_interference
Orc:1:    layout_caves, serial_shops, nicolae_shop_crystal
Orc:2:    st_orc_elflike, layout_caves, minmay_orc_temple_a
Elf:1:    eino_elf_arrival_altar, layout_geoelf_octagon, serial_shops,
          nicolae_shop_statue_plus, minivault_28, st_stairs_10
Elf:2:    layout_geoelf_grid, serial_shops, nicolae_shop_behind_doors,
          nicolae_shop_stone, shop_statue
Vaults:1: nicolae_vaults_rhombus_6, nicolae_vaults_circle_grid_b,
          dpeg_vaults_monster_box, dpeg_vaults_waves, v_misc_14,
          grunt_vaults_funnel, vaults_room_corners, vaults_dpeg_encased_lava,
          layout_vaults_quadrants, uniq_donald
Vaults:2: gammafunk_vaults_ghost_fury_of_okawaru, v_misc_22,
          nicolae_vaults_network_square, v_misc_30, vaults_room_semicircle,
          v_misc_9, hangedman_vaults_slice, ontoclasm_vaults_ring_small,
          hangedman_vaults_stitches, hangedman_vaults_stretched_pinwheel,
          nicolae_vaults_shelves_hall, ontoclasm_vaults_hangar,
          layout_vaults_big_room
Vaults:3: ontoclasm_vaults_pinch, v_alt_pattern_2,
          minmay_crypt_entry_skeletal_spiral, nicolae_vaults_disjoint_gnomons,
          hangedman_vaults_capsules, vaults_room_door_hall,
          nicolae_vaults_hallways_thing, nicolae_vaults_circle_grid_a,
          nicolae_vaults_angled_halls, v_misc_18, ontoclasm_vaults_chip,
          v_misc_19, ontoclasm_vaults_claustrophobia, layout_vaults_maze,
          serial_shops, shop, uniq_frederick, uniq_nikola, uniq_bai_suzhen
Vaults:4: v_misc_14, v_rooms_4, nicolae_vaults_three_branches, v_misc_14,
          v_misc_30, nicolae_vaults_network_quincunx
          [nicolae_vaults_network_quincunx_subvault,
          nicolae_vaults_network_quincunx_subvault,
          nicolae_vaults_network_quincunx_subvault,
          nicolae_vaults_network_quincunx_subvault,
          nicolae_vaults_network_quincunx_subvault], nicolae_vaults_murderbox,
          v_misc_5, hangedman_vaults_stretched_pinwheel,
          nicolae_vaults_rhombus_6, vaults_dpeg_hooks, layout_vaults_omnicross,
          serial_shops, shop
Depths:1: layout_gridlike, hangedman_abyss_entry_splay, serial_bayou_pond_d,
          grunt_hell_entry_dis_mu, minmay_guarded_unrand_vampires_tooth,
          kennysheep_cross_landing
Depths:2: hangedman_hanging_gardens, layout_basic, enter_ziggurat_a,
          old_standard_altar, hell_entry, infiniplex_staircase_pillars_2,
          serial_bayou_shore_b
Depths:3: minmay_the_grid_triangle_9x9_rhombus_thin
          [minmay_the_grid_triangle_9x9_stretched_checkered,
          minmay_the_grid_triangle_9x9_prize_schism,
          minmay_the_grid_triangle_9x9_intruding_spiral,
          minmay_the_grid_triangle_9x9_tough_junction], layout_gridville,
          hangedman_coc_ice_floe, kennysheep_boxes, abyss_entry,
          grunt_pan_entry_in_and_out, grunt_ministairs_14,
          hangedman_abyss_or_decor_stagger, infiniplex_staircase_pool_2

Skill      XL: |  1  2  3  4  5  6  7  8  9 10 11 12 13 14 15 16 17 18 19 20 21 22 |
---------------+-------------------------------------------------------------------+-----
Polearms       | 5 6 7 8 10 12 14 16 18 19 20 22 26 27 | 27.0
Stealth        | 1 2 3 4 6 |  6.0
Fighting       | 3 4 5 7 8 9 11 12 13 14 15 16 17 19 20 | 20.3
Invocations    | 2 5 9 12 13 15 16 17 18 | 18.0
Dodging        | 7 8 10 11 12 13 15 | 15.3
Armour         | 2 4 5 6 7 8 9 |  9.8
Spellcasting   | 3 4 |  4.0
Translocations | 3 5 6 7 8 |  8.2
Throwing       | |  2.0

Action                   |  1- 3 |  4- 6 |  7- 9 | 10-12 | 13-15 | 16-18 | 19-21 | 22-24 || total
-------------------------+-------+-------+-------+-------+-------+-------+-------+-------++-------
Melee: Trident           |   107 |   187 |   229 |       |       |       |       |       ||   523
       Halberd           |       |       |   119 |   686 |       |   460 |  1112 |       ||  2377
       Tailslap          |       |       |       |     3 |     4 |    49 |    14 |       ||    70
       Glaive            |       |       |       |   126 |  1180 |    76 |       |       ||  1382
       Scimitar          |       |       |       |       |    34 |       |       |       ||    34
       Demon trident     |       |       |       |       |       |   740 |       |       ||   740
       Bardiche          |       |       |       |       |       |       |     8 |    57 ||    65
Throw: Dart              |       |       |    18 |    11 |     4 |     6 |       |       ||    39
       Throwing net      |       |       |     1 |     2 |     1 |       |       |       ||     4
 Cast: Manifold Assault  |       |       |       |       |       |       |     5 |     7 ||    12
Invok: Animate Remains   |       |       |       |    23 |       |       |       |       ||    23
       Animate Dead      |       |       |       |    21 |   118 |   104 |   100 |     6 ||   349
       Recall Undead Sla |       |       |       |     4 |    29 |     8 |    17 |     1 ||    59
       Injury Mirror     |       |       |       |     1 |       |       |       |       ||     1
       Drain Life        |       |       |       |       |     1 |     1 |     7 |     1 ||    10
       Enslave Soul      |       |       |       |       |     1 |     1 |     3 |       ||     5
       Stop Recall       |       |       |       |       |     4 |       |       |       ||     4
  Use: Scroll            |     1 |       |     5 |    13 |     8 |    19 |     8 |     1 ||    55
       Potion            |       |       |     2 |     4 |     2 |     7 |     4 |       ||    19
 Stab: Sleeping          |       |     5 |    10 |    17 |    27 |    25 |    35 |     1 ||   120
       Held in net/web   |       |       |     1 |     1 |       |       |       |       ||     2
       Distracted        |       |       |       |     3 |    20 |    21 |    32 |       ||    76
       Petrified         |       |       |       |       |     8 |       |     1 |       ||     9
       Paralysed         |       |       |       |       |       |     5 |     1 |       ||     6
Armor: Leather armour    |    20 |    27 |    23 |       |       |       |       |       ||    70
       Steam dragon scal |       |       |    12 |    34 |       |       |       |       ||    46
       Troll leather arm |       |       |       |    68 |   225 |   189 |   113 |     4 ||   599
Dodge: Dodged            |    45 |    93 |   124 |   411 |   587 |   627 |   554 |    25 ||  2466
Block: Other             |    10 |    25 |    52 |   139 |   204 |   156 |   138 |     3 ||   727
       Reflection        |       |     1 |       |     6 |     6 |    14 |    30 |       ||    57
       Rpst.: Scimitar   |       |       |       |       |     7 |       |       |       ||     7

Table legend: (Time is in decaauts)
 A = Elapsed time spent in this place.
 B = Non-inter-level travel time spent in this place.
 C = Inter-level travel time spent in this place.
 D = Time resting spent in this place.
 E = Time spent auto-exploring this place.
 F = Levels seen in this place.
 G = Mean time per level.
                   A        B        C        D        E       F      G
               +--------+--------+--------+--------+--------+-----+--------+
         Total |  58831 |  53986 |   4845 |   8712 |  32918 |  42 | 1400.7 |
       Dungeon |  20591 |  18669 |   1922 |   5163 |   8708 |  15 | 1372.7 |
        Temple |     14 |     14 |      0 |      0 |      0 |   1 |   14.0 |
          Lair |  10381 |   9421 |    960 |    689 |   7368 |   6 | 1730.2 |
        Shoals |   5471 |   5014 |    457 |    886 |   3109 |   4 | 1367.8 |
     Snake Pit |   6130 |   5558 |    572 |    309 |   4299 |   4 | 1532.5 |
  Orcish Mines |   2182 |   1865 |    317 |    173 |    851 |   2 | 1091.0 |
   Elven Halls |   1901 |   1806 |     95 |    157 |   1140 |   2 |  950.5 |
        Vaults |   7391 |   7000 |    391 |    457 |   5141 |   4 | 1847.8 |
        Depths |   3826 |   3698 |    128 |    647 |   2205 |   3 | 1275.3 |
      Ice Cave |    940 |    940 |      0 |    229 |     94 |   1 |  940.0 |
               +--------+--------+--------+--------+--------+-----+--------+

Top non-repeatable levels by time:
     D:6: 2269 daAuts
Vaults:1: 2223 daAuts
  Lair:5: 2106 daAuts
 Snake:1: 2098 daAuts
     D:8: 2027 daAuts
     D:4: 1930 daAuts
  Lair:4: 1886 daAuts
Vaults:4: 1771 daAuts
Vaults:2: 1769 daAuts
Depths:1: 1703 daAuts
    D:12: 1682 daAuts
Shoals:1: 1660 daAuts
  Lair:3: 1659 daAuts
  Lair:1: 1636 daAuts
Vaults:3: 1626 daAuts
